[Event "WYCC U16 Girls 2019"]
[Site "Mumbai"]
[Date "2019.10.09"]
[Round "8.9"]
[White "Achaya Vijayan"]
[Black "Hajiyeva, Laman"]
[Result "0-1"]
[ECO "D47"]
[WhiteElo "1585"]
[BlackElo "2038"]
[Annotator "NA"]
[PlyCount "74"]
[EventDate "2019.10.02"]
[EventType "swiss"]
[EventCountry "IND"]
[SourceTitle "playchess.com"]
[Source "ChessBase"]
[SourceQuality "1"]
[TimeControl "5400+30"]

1. d4 d5 2. c4 c6 3. Nf3 Nf6 4. Nc3 e6 5. e3 Nbd7 6. Bd3 dxc4 7. Bxc4 b5 8. Bd3 Bd6 9. O-O Bb7 10. e4 e5 11. dxe5 Nxe5 12. Nxe5 Bxe5 13. f4 Bd4+ $11 14. Kh1 h5 15. Be2 b4 16. Nb1 c5 17. Nd2 Rc8 18. a3 Ng4 19. Bxg4 hxg4 20. Qxg4 Ba6 21. Rf3 Rc6 22. Rh3 Rxh3 23. Qxh3 Rh6 24. Qg3 bxa3 25. Qxa3 Qh4 26. Nf3 Qf2 27. Qa4+ Kf8 28. Be3 Qxe3 29. Qd7 g6 30. Qd6+ Kg7 31. Qxa6 Qxf4 32. Qc4 Be5 33. h3 Rxh3+ 34. gxh3 Qxf3+ 35. Kg1 Bd4+ 36. Kh2 Qf2+ 37. Kh1 Be5 0-1

[Event "WYCC U16 Girls 2019"]
[Site "Mumbai"]
[Date "2019.10.09"]
[Round "8.10"]
[White "Noshin, Anjum"]
[Black "Jain Nityata"]
[Result "1-0"]
[ECO "B19"]
[WhiteElo "1793"]
[BlackElo "2029"]
[Annotator "NA"]
[PlyCount "137"]
[EventDate "2019.10.02"]
[EventType "swiss"]
[EventCountry "IND"]
[SourceTitle "playchess.com"]
[Source "ChessBase"]
[SourceQuality "1"]
[TimeControl "5400+30"]

1. e4 c6 2. d4 d5 3. Nc3 dxe4 4. Nxe4 Bf5 5. Ng3 Bg6 6. Nf3 Nd7 7. h4 h6 8. h5 Bh7 9. Bd3 Bxd3 10. Qxd3 e6 11. Bd2 Ngf6 12. O-O-O Be7 13. Kb1 O-O 14. Ne4 Nxe4 {B19: Classical Caro-Kann: 4...Bf5 main line} 15. Qxe4 Nf6 16. Qe2 Qd5 17. Ne5 c5 18. dxc5 Qe4 19. Qxe4 Nxe4 20. Be3 Nxc5 {[#]} 21. g4 $146 ({Predecessor:} 21. Rd4 Rfc8 22. Rhd1 b5 23. f3 Bf6 24. Bf4 Na4 25. Rb4 Bxe5 26. Bxe5 Rc5 27. Re4 Nb6 28. g4 Nd5 29. c3 {½-½ (29) Cheparinov,I (2660)-Rodshtein,M (2622) Moscow 2010}) 21... Rfd8 22. f3 Rac8 23. b3 a6 24. Bc1 Bf6 25. Bb2 b5 26. Rhe1 Bh4 27. Rh1 Bg3 28. Rhg1 Bxe5 29. Bxe5 Nd7 30. Bb2 Nb6 31. Rxd8+ Rxd8 32. Kc1 Nd5 33. Rd1 Rc8 34. Rd4 b4 35. Kd2 f6 36. Rd3 Kf7 37. c4 bxc3+ 38. Bxc3 Ke7 39. Bb2 Kd6 40. Rd4 e5 41. Ra4 Rc6 42. Ba3+ Ke6 43. Rc4 Rb6 ({Black should play} 43... Rc7 $14) 44. Rc8 Nf4 (44... a5 $16) 45. Rc7 g6 46. hxg6 Nxg6 47. Rh7 Nh4 48. Ke3 Rc6 49. Bb4 Rc2 50. Re7+ Kd5 51. Rd7+ Kc6 52. Rd6+ Kb5 53. a3 f5 54. Rd5+ Kc6 55. Rxe5 f4+ 56. Kd3 Rb2 57. Re6+ Kd5 58. Rd6+ Ke5 59. Rxh6 Rh2 60. Kc4 Nxf3 61. Bc3+ Ke4 62. Re6+ Ne5+ 63. Rxe5+ Kf3 64. g5 Rg2 65. Kd3 Rg1 66. Bd2 Rb1 67. Kc2 $18 Rf1 68. Rf5 Kg3 69. Rxf4 1-0

[Event "WYCC U16 Girls 2019"]
[Site "Mumbai"]
[Date "2019.10.09"]
[Round "8.11"]
[White "Tomcikova, Dominika"]
[Black "Kvendseth, Thyra"]
[Result "0-1"]
[ECO "C54"]
[WhiteElo "1845"]
[BlackElo "1989"]
[Annotator "NA"]
[PlyCount "136"]
[EventDate "2019.10.02"]
[EventType "swiss"]
[EventCountry "IND"]
[SourceTitle "playchess.com"]
[Source "ChessBase"]
[SourceQuality "1"]
[TimeControl "5400+30"]

1. e4 e5 2. Nf3 Nc6 3. Bc4 Bc5 4. c3 Nf6 5. d3 d6 6. b4 Bb6 7. a4 a5 8. b5 Ne7 9. h3 Ng6 10. O-O $11 h6 11. Bb3 O-O 12. Na3 c6 13. Nc4 Bc7 14. Re1 Re8 15. Qc2 d5 16. Ne3 Nf4 17. Nf1 N6h5 18. Ng3 Nxg3 19. fxg3 dxe4 20. dxe4 Ne6 21. Be3 Qe7 22. Qf2 Bd7 23. c4 c5 24. Nh4 Nd4 25. Bd1 Be6 26. Rc1 Rad8 27. Nf5 Bxf5 28. exf5 Qf6 29. g4 Qd6 30. g3 b6 31. Bc2 Re7 32. Be4 Red7 33. Bd5 Qf6 34. h4 Rxd5 35. cxd5 Rxd5 36. g5 hxg5 37. hxg5 Qe7 38. Kg2 e4 39. f6 Qe6 40. fxg7 Rf5 41. Qg1 Nf3 42. Qh1 Qa2+ 43. Kh3 Qe6 44. Kg2 Nxe1+ 45. Rxe1 Kxg7 46. Qh6+ Qxh6 47. gxh6+ Kh7 48. Bc1 Re5 49. g4 Re6 50. Rf1 f6 51. g5 Be5 52. gxf6 Bxf6 53. Rd1 Bd4 54. Re1 e3 55. Kf3 Kxh6 56. Bxe3+ Rxe3+ 57. Rxe3 Bxe3 58. Kxe3 Kg5 59. Ke4 Kf6 60. Kd5 Ke7 61. Kc6 c4 62. Kxb6 c3 63. Kxa5 c2 64. b6 c1=Q 65. Ka6 Kd7 66. a5 Kc6 67. b7 Qc4+ 68. Ka7 Qc5+ 0-1

[Event "WYCC U16 Girls 2019"]
[Site "Mumbai"]
[Date "2019.10.09"]
[Round "8.12"]
[White "Poorna Sri M.K"]
[Black "Moncada Correa, Sara"]
[Result "0-1"]
[ECO "C95"]
[WhiteElo "1787"]
[BlackElo "1939"]
[Annotator "NA"]
[PlyCount "94"]
[EventDate "2019.10.02"]
[EventType "swiss"]
[EventCountry "IND"]
[SourceTitle "playchess.com"]
[Source "ChessBase"]
[SourceQuality "1"]
[TimeControl "5400+30"]

1. e4 e5 2. Nf3 Nc6 3. Bb5 a6 4. Ba4 Nf6 5. O-O Be7 6. Re1 b5 7. Bb3 d6 8. c3 O-O 9. h3 Nb8 10. d4 Nbd7 11. Nbd2 Bb7 12. Bc2 $14 c5 13. Nf1 Re8 14. Ng3 cxd4 15. cxd4 exd4 16. Nxd4 d5 17. e5 Bb4 18. f4 Bxe1 19. Qxe1 g6 20. Ngf5 gxf5 21. Nxf5 Kh8 22. Nd6 Re7 23. Qh4 Ne4 24. Nxb7 Qb6+ 25. Kh2 f6 26. Nd6 Nxd6 27. exd6 Qxd6 28. b3 Rg8 29. Bf5 d4 30. Bxd7 Rxd7 31. Bd2 Qc6 32. Rg1 Re7 33. Qf2 Qd5 34. Bb4 Re6 35. Rd1 Re4 36. Rd2 Re3 37. Ba5 Reg3 38. Qf1 d3 39. Bc3 Qc6 40. Bb2 Rxg2+ 41. Rxg2 Rxg2+ 42. Qxg2 Qxg2+ 43. Kxg2 d2 44. Bxf6+ Kg8 45. Kg3 d1=Q 46. Kh4 Kf7 47. Bg5 Qf3 0-1

[Event "WYCC U16 Girls 2019"]
[Site "Mumbai"]
[Date "2019.10.10"]
[Round "9.1"]
[White "Garifullina, Leya"]
[Black "Salonika, Saina"]
[Result "1/2-1/2"]
[ECO "B90"]
[WhiteElo "2330"]
[BlackElo "2051"]
[Annotator "ChessBase"]
[PlyCount "94"]
[EventDate "2019.10.02"]
[EventType "swiss"]
[EventCountry "IND"]
[SourceTitle "playchess.com"]
[Source "ChessBase"]
[SourceQuality "1"]
[TimeControl "5400+30"]

1. e4 c5 2. Nf3 d6 3. d4 cxd4 4. Nxd4 Nf6 5. Nc3 a6 6. h3 e5 7. Nb3 h5 8. f4 Be7 9. Be2 b5 10. O-O Qb6+ 11. Kh1 Bb7 12. Bf3 Nbd7 13. a4 b4 14. a5 Qa7 15. Nd5 Bxd5 16. exd5 e4 17. Be2 Rc8 18. Nd4 Nb8 19. Nf5 Bf8 20. Ne3 Nbd7 21. Ra4 Rb8 22. Qe1 Qb7 23. Bd2 Nxd5 24. Nxd5 Qxd5 25. Rxb4 Rxb4 26. Bxb4 Qc6 27. Qc3 Qb7 28. Ba3 d5 29. Bxf8 Kxf8 30. Qd4 Rh6 31. Rd1 Rd6 32. c4 Qb4 33. Bxh5 Qxa5 34. Be2 Qb6 35. cxd5 Qxd4 36. Rxd4 f5 37. g3 Ke7 38. Kg2 a5 39. Bc4 Rb6 40. Rd2 Kd6 41. g4 Rb4 42. Ba2 fxg4 43. hxg4 e3 44. Re2 Rxf4 45. Rxe3 Rxg4+ 46. Kh3 Rb4 47. Ra3 Rxb2 1/2-1/2

[Event "WYCC U16 Girls 2019"]
[Site "Mumbai"]
[Date "2019.10.10"]
[Round "9.2"]
[White "Bommini Mounika Akshaya"]
[Black "Nurgali, Nazerke"]
[Result "1/2-1/2"]
[ECO "B12"]
[WhiteElo "2017"]
[BlackElo "2194"]
[Annotator "NA"]
[PlyCount "148"]
[EventDate "2019.10.02"]
[EventType "swiss"]
[EventCountry "IND"]
[SourceTitle "playchess.com"]
[Source "ChessBase"]
[SourceQuality "1"]
[TimeControl "5400+30"]

1. e4 c6 2. d4 d5 3. e5 Bf5 4. Nc3 e6 5. g4 Bg6 6. Nge2 Bb4 7. Ng3 c5 8. a3 Bxc3+ 9. bxc3 cxd4 10. cxd4 Qa5+ 11. Bd2 Qa4 12. c3 Qxd1+ 13. Kxd1 Nc6 14. f4 Nge7 15. Be2 Be4 16. Nxe4 dxe4 17. Re1 Nd5 18. Bc4 h5 19. g5 Nb6 20. Ba2 Na5 21. Rb1 Rc8 22. Rxe4 Nac4 23. Bxc4 Rxc4 24. Rb4 Rc7 25. Ke2 O-O 26. Kd3 Rfc8 27. Re1 Nd5 28. Rb3 b6 29. Ra1 Rc4 30. a4 a6 31. Raa3 Kh7 32. Ke4 g6 33. Kd3 Kg7 34. Ke4 R8c6 35. Kd3 Kf8 36. Ke4 Ke7 37. Kd3 Kd7 38. Ra1 Kc7 39. Ra2 Kb7 40. Ra1 a5 41. Raa3 Ka6 42. Ra1 Nc7 43. Rba3 Nd5 44. Rb3 Ne7 45. Be3 Nd5 46. Bd2 Rc8 47. Ra2 R8c7 48. Ra1 Ka7 49. Ra2 R7c6 50. Ra1 Nc7 51. Rba3 Ka6 52. Be1 Kb7 53. Rb3 Nd5 54. Bd2 Rc7 55. Raa3 Kc8 56. Ra1 Kd7 57. Raa3 R7c6 58. Ra1 Kc7 59. Raa3 Kb7 60. Ra1 Nc7 61. Be1 Ka6 62. Rba3 Nd5 63. Bd2 Rc7 64. Rb3 Rc8 65. Rba3 Ka7 66. Rb3 R8c6 67. Rba3 Ne7 68. Rb3 Nf5 69. Be1 Ne7 70. Bd2 Nd5 71. Rba3 Nc7 72. Be1 Kb7 73. Bd2 Ka7 74. Be1 Nd5 1/2-1/2

[Event "WYCC U16 Girls 2019"]
[Site "Mumbai"]
[Date "2019.10.10"]
[Round "9.3"]
[White "Bulatova, Kamaliya"]
[Black "Mahdian, Anousha"]
[Result "1-0"]
[ECO "A13"]
[WhiteElo "2181"]
[BlackElo "2103"]
[Annotator "NA"]
[PlyCount "77"]
[EventDate "2019.10.02"]
[EventType "swiss"]
[EventCountry "IND"]
[SourceTitle "playchess.com"]
[Source "ChessBase"]
[SourceQuality "1"]
[TimeControl "5400+30"]

1. Nf3 Nf6 2. c4 e6 3. g3 d5 4. Bg2 dxc4 5. Qa4+ Bd7 6. Qxc4 Bc6 7. O-O Nbd7 8. b3 a6 9. Qc2 Bd6 10. Bb2 Qe7 11. d3 O-O 12. e4 e5 13. Nbd2 Rfe8 14. Nc4 Bb5 15. Nh4 g6 16. Rad1 Bxc4 17. dxc4 Ba3 18. Ba1 a5 19. Qd2 Nc5 20. Qe3 a4 21. f4 Ncxe4 22. Kh1 Bc5 23. Qf3 exf4 24. Qxf4 Nh5 25. Qf3 f5 26. Nxf5 gxf5 27. Qxh5 Rf8 28. Rde1 Qe8 29. Qe2 axb3 30. axb3 Qg6 31. Bf3 Rfe8 32. Qb2 Rxa1 33. Qxa1 c6 34. Bxe4 fxe4 35. Rf4 e3 36. Qd1 Qe6 37. Rg4+ Kh8 38. Qa1+ Qe5 39. Re4 1-0

[Event "WYCC U16 Girls 2019"]
[Site "Mumbai"]
[Date "2019.10.10"]
[Round "9.4"]
[White "Ciolacu, Alessia-Mihaela"]
[Black "Loskutova, Viktoriya"]
[Result "1/2-1/2"]
[ECO "A46"]
[WhiteElo "2095"]
[BlackElo "2149"]
[Annotator "NA"]
[PlyCount "88"]
[EventDate "2019.10.02"]
[EventType "swiss"]
[EventCountry "IND"]
[SourceTitle "playchess.com"]
[Source "ChessBase"]
[SourceQuality "1"]
[TimeControl "5400+30"]

1. d4 Nf6 2. Nf3 e6 3. Bg5 h6 4. Bxf6 Qxf6 5. e4 d6 6. Bd3 c5 7. c3 Nd7 8. O-O Qd8 9. Re1 Be7 10. Nbd2 Qc7 11. a4 O-O 12. Nc4 Rd8 13. Qe2 Nf8 14. Ne3 Bd7 15. Rec1 Rac8 16. dxc5 Qxc5 17. b4 Qc7 18. a5 Be8 19. Nd4 Bf6 20. Qd2 Bg5 21. g3 Ng6 22. f4 Be7 23. Nb5 Qb8 24. Qe2 Bf8 25. Rc2 Ne7 26. Rac1 a6 27. Nd4 Nc6 28. Nf3 Na7 29. Kg2 Bc6 30. Nc4 d5 31. Nb6 dxe4 32. Bxe4 Rc7 33. Ne5 Bxe4+ 34. Qxe4 Nc8 35. Nec4 Nxb6 36. Nxb6 Rd6 37. Re1 Rdc6 38. Rec1 Qd8 39. Qe2 Qf6 40. Qd2 Rd6 41. Qe2 Rdc6 42. Qd3 Rd6 43. Qe2 Rdc6 44. Qd3 Rd6 1/2-1/2

[Event "WYCC U16 Girls 2019"]
[Site "Mumbai"]
[Date "2019.10.10"]
[Round "9.5"]
[White "Hajiyeva, Laman"]
[Black "Srdanovic, Jovana"]
[Result "1-0"]
[ECO "A01"]
[WhiteElo "2038"]
[BlackElo "2100"]
[Annotator "ChessBase"]
[PlyCount "57"]
[EventDate "2019.10.02"]
[EventType "swiss"]
[EventCountry "IND"]
[SourceTitle "playchess.com"]
[Source "ChessBase"]
[SourceQuality "1"]
[TimeControl "5400+30"]

1. b3 Nf6 2. Bb2 c5 3. e3 Nc6 4. f4 d5 5. Nf3 Bf5 6. Bb5 Qb6 7. a4 g6 8. Nc3 d4 9. exd4 cxd4 10. Ne2 d3 11. cxd3 Bg7 12. Bd4 Qc7 13. Rc1 O-O 14. Ne5 Bd7 15. O-O Nd5 16. Nxd7 Qxd7 17. Bxg7 Kxg7 18. Rc4 Nb6 19. Re4 a6 20. Bxc6 bxc6 21. f5 Nd5 22. Rh4 Rab8 23. Rf3 Rb4 24. Qa1+ Kg8 25. Rxh7 Nf6 26. Rh6 Kg7 27. Rfh3 Rg8 28. fxg6 fxg6 29. Rh7+ 1-0

[Event "WYCC U16 Girls 2019"]
[Site "Mumbai"]
[Date "2019.10.10"]
[Round "9.6"]
[White "Kvendseth, Thyra"]
[Black "Zhang, Xiao"]
[Result "0-1"]
[ECO "D52"]
[WhiteElo "1989"]
[BlackElo "2053"]
[Annotator "NA"]
[PlyCount "76"]
[EventDate "2019.10.02"]
[EventType "swiss"]
[EventCountry "IND"]
[SourceTitle "playchess.com"]
[Source "ChessBase"]
[SourceQuality "1"]
[TimeControl "5400+30"]

1. d4 Nf6 2. Nf3 e6 3. c4 d5 4. Bg5 Nbd7 5. Nc3 c6 6. e3 Qa5 7. Bxf6 Nxf6 8. Bd3 dxc4 9. Bxc4 b5 10. Bb3 Bb7 11. O-O Be7 12. Rc1 O-O 13. Qd2 Qb6 14. Ne5 c5 15. dxc5 Bxc5 16. Rfd1 Qc7 17. f4 Qb6 18. Re1 Rad8 19. Qe2 a6 20. Nd3 Be7 21. Kh1 h5 22. Nf2 Bc5 23. Bc2 Bb4 24. Bb1 Rc8 25. a3 Bxc3 26. bxc3 Qa5 27. Qb2 Nd5 28. Be4 Rc4 29. Bxd5 Bxd5 30. Nd3 Rfc8 31. Nb4 Bb7 32. Red1 Qc7 33. Na2 e5 34. fxe5 Qxe5 35. Qf2 Rg4 36. Rg1 Rcc4 37. e4 Rcxe4 38. Rcf1 Ref4 0-1

[Event "WYCC U16 Girls 2019"]
[Site "Mumbai"]
[Date "2019.10.10"]
[Round "9.7"]
[White "Al Maamari, Wafia Darwish"]
[Black "Beydullayeva, Govhar"]
[Result "0-1"]
[ECO "B94"]
[WhiteElo "1673"]
[BlackElo "2289"]
[Annotator "NA"]
[PlyCount "82"]
[EventDate "2019.10.02"]
[EventType "swiss"]
[EventCountry "IND"]
[SourceTitle "playchess.com"]
[Source "ChessBase"]
[SourceQuality "1"]
[TimeControl "5400+30"]

1. e4 c5 2. Nf3 d6 3. d4 cxd4 4. Nxd4 Nf6 5. Nc3 a6 6. Bg5 Nbd7 7. Bc4 Qb6 8. Bb3 e6 9. Qd2 h6 10. Bxf6 Nxf6 11. O-O-O Be7 12. f4 Qc7 13. Kb1 b5 14. a3 Bd7 15. Rhe1 Rd8 16. f5 e5 17. Nf3 a5 18. g4 b4 19. axb4 axb4 20. Na2 Bc6 21. Qxb4 O-O 22. Qc4 Qb7 23. g5 Bb5 24. Qc3 Nxe4 25. Qe3 Nxg5 26. Nh4 d5 27. Qxe5 Bf6 28. Qf4 Bc4 29. Nf3 Ra8 30. Nd2 Rxa2 31. Kxa2 Ra8+ 32. Kb1 Qa6 33. c3 Bd3+ 34. Kc1 Qa1+ 35. Nb1 Qxb1+ 36. Kd2 Qxb2+ 37. Kxd3 Qxc3+ 38. Ke2 Qxb3 39. Rd3 Qb2+ 40. Qd2 Qe5+ 41. Kf1 Qxf5+ 0-1

[Event "WYCC U16 Girls 2019"]
[Site "Mumbai"]
[Date "2019.10.10"]
[Round "9.8"]
[White "Mrudul Dehankar"]
[Black "Maciulaityte, Barbora"]
[Result "1-0"]
[ECO "B77"]
[WhiteElo "2227"]
[BlackElo "1682"]
[Annotator "NA"]
[PlyCount "97"]
[EventDate "2019.10.02"]
[EventType "swiss"]
[EventCountry "IND"]
[SourceTitle "playchess.com"]
[Source "ChessBase"]
[SourceQuality "1"]
[TimeControl "5400+30"]

1. e4 c5 2. Nf3 d6 3. d4 cxd4 4. Nxd4 Nf6 5. Nc3 g6 6. Be3 Bg7 7. f3 O-O 8. Bc4 Nc6 9. Qd2 Bd7 10. h4 Ne5 11. Bb3 Qa5 12. O-O-O Rfc8 13. Kb1 Nc4 14. Bxc4 Rxc4 15. Nb3 Qc7 16. Bd4 a5 {B79: Sicilian Dragon: Yugoslav Attack, 9 Bc4 Bd7 10 0-0-0 Qa5} (16... Be6 17. h5 a5 18. a4 b5 19. Nxb5 Qb8 20. hxg6 hxg6 21. Nc3 Rb4 22. Rh4 Bxb3 23. cxb3 Rxb3 24. Nb5 Rb4 25. Qc2 Qb7 26. g4 {½-½ (52) Smirnov,P (2636)-Chuprov,D (2554) Krasnoyarsk 2007}) 17. Bxf6 exf6 18. Qxd6 Be6 19. Qxc7 Rxc7 20. Nd5 Bxd5 21. Rxd5 b6 $146 ({Predecessor:} 21... a4 22. Nd4 Rac8 23. c3 Rc5 24. Rd7 {1-0 (54) Lopez Perez,A-Perez Martin,G Spain 1987}) 22. Rhd1 $18 Rac8 23. c3 Bf8 24. Rb5 a4 25. Nc1 Rc6 26. Ne2 Bc5 27. Nf4 Kg7 28. h5 Re8 29. Rd5 Be3 30. Ne2 Bc5 31. Nc1 Rec8 32. Kc2 Bf2 33. Ne2 Bc5 34. Nf4 Be3 35. Ne2 Bc5 36. a3 R6c7 37. Nf4 Be3 38. Nd3 Rc6 39. Rd7 Ra8 40. Rbd5 Rc4 41. Rb7 gxh5 42. Rdd7 Rf8 43. Nb4 Bf2 44. Nd5 Rc6 45. Kd3 h4 46. f4 Bc5 47. f5 h6 48. Nf4 Kg8 49. Ng6 1-0

[Event "WYCC U16 Girls 2019"]
[Site "Mumbai"]
[Date "2019.10.10"]
[Round "9.9"]
[White "Noshin, Anjum"]
[Black "Demchenko, Svitlana"]
[Result "0-1"]
[ECO "B43"]
[WhiteElo "1793"]
[BlackElo "1953"]
[Annotator "NA"]
[PlyCount "116"]
[EventDate "2019.10.02"]
[EventType "swiss"]
[EventCountry "IND"]
[SourceTitle "playchess.com"]
[Source "ChessBase"]
[SourceQuality "1"]
[TimeControl "5400+30"]

1. e4 c5 2. Nf3 e6 3. d4 cxd4 4. Nxd4 a6 5. Nc3 b5 6. f4 Bb7 7. Bd3 Qb6 8. Nb3 d6 9. Qe2 Nf6 10. a3 Be7 11. Bd2 Nc6 12. O-O-O Qc7 13. Rhf1 b4 14. axb4 Nxb4 15. Kb1 Nxd3 16. Qxd3 O-O 17. f5 a5 18. fxe6 Ba6 19. exf7+ Rxf7 20. Nb5 Qb7 21. N3d4 Qxe4 22. Qxe4 Nxe4 23. Rxf7 Kxf7 24. Nc7 Nxd2+ 25. Rxd2 Ra7 26. Nxa6 Rxa6 27. Nf5 Bf8 28. Rd5 g6 29. Ne3 Ke6 30. Rb5 Bh6 31. Nc4 Rc6 32. Nxa5 Rc5 33. Rxc5 dxc5 34. Ka2 Bf4 35. h3 Bc7 36. Nc4 Kf5 37. Kb3 Kf4 38. Ka4 Kg3 39. Kb5 Kxg2 40. Kxc5 Kxh3 41. b4 g5 42. b5 g4 43. b6 Bf4 44. b7 g3 45. Nd6 g2 46. b8=Q g1=Q+ 47. Kc6 Qg2+ 48. Kd7 Qxc2 49. Qb7 Qd3 50. Qh1+ Bh2 51. Ke8 Qxd6 52. Qf3+ Kh4 53. Qe4+ Kg5 54. Qxh7 Qb8+ 55. Kf7 Qc7+ 56. Kg8 Qd8+ 57. Kf7 Qd7+ 58. Kg8 Qe8+ 0-1

[Event "WYCC U16 Girls 2019"]
[Site "Mumbai"]
[Date "2019.10.10"]
[Round "9.10"]
[White "Moncada Correa, Sara"]
[Black "Savitha Shri B"]
[Result "0-1"]
[ECO "E80"]
[WhiteElo "1939"]
[BlackElo "1916"]
[Annotator "NA"]
[PlyCount "84"]
[EventDate "2019.10.02"]
[EventType "swiss"]
[EventCountry "IND"]
[SourceTitle "playchess.com"]
[Source "ChessBase"]
[SourceQuality "1"]
[TimeControl "5400+30"]

1. d4 Nf6 2. c4 g6 3. Nc3 Bg7 4. e4 d6 5. f3 e5 6. Nge2 Nc6 7. Be3 a6 8. d5 Ne7 9. Qd2 h5 10. h4 Bd7 11. Ng3 Qb8 12. b4 c6 13. c5 cxd5 14. exd5 O-O 15. Rd1 Rc8 16. Be2 Nf5 17. Nxf5 Bxf5 18. Kf2 Re8 19. Rdg1 Qc8 20. Na4 Qd8 21. Nb6 Rb8 22. Rc1 e4 23. Bc4 Nd7 24. Nxd7 Qxd7 25. c6 bxc6 26. dxc6 Qc7 27. Bxa6 d5 28. fxe4 Rxe4 29. a3 d4 30. Bg5 Rg4 31. Rh3 Re8 32. Bd3 Rxg5 33. Qxg5 Bxh3 34. Bxg6 fxg6 35. Qd5+ Be6 36. Qe4 Bf7 37. Qf3 Re3 38. Qd1 Qg3+ 39. Kf1 Be5 40. b5 Qf4+ 41. Kg1 Qh2+ 42. Kf1 Qh1+ 0-1

[Event "WYCC U16 Girls 2019"]
[Site "Mumbai"]
[Date "2019.10.10"]
[Round "9.11"]
[White "Juhasz, Judit"]
[Black "Divyabharathi Masanam"]
[Result "1/2-1/2"]
[ECO "B35"]
[WhiteElo "2004"]
[BlackElo "1636"]
[Annotator "NA"]
[PlyCount "68"]
[EventDate "2019.10.02"]
[EventType "swiss"]
[EventCountry "IND"]
[SourceTitle "playchess.com"]
[Source "ChessBase"]
[SourceQuality "1"]
[TimeControl "5400+30"]

1. e4 c5 2. Nf3 g6 3. d4 cxd4 4. Nxd4 Bg7 5. Nc3 Nc6 6. Be3 Nf6 7. Bc4 O-O 8. Bb3 Ng4 9. Qxg4 Nxd4 10. Qd1 Nxb3 11. axb3 b6 12. h4 Bb7 13. h5 Qc7 14. Bd4 Rfd8 15. Bxg7 Kxg7 16. Qd4+ f6 17. O-O-O g5 18. h6+ Kh8 19. g3 Rac8 20. Rh5 d5 21. Qe3 dxe4 22. Rxd8+ Rxd8 23. Nxe4 Qe5 24. Nd2 Qxe3 25. fxe3 Kg8 26. Rh2 Kf7 27. Kd1 Bf3+ 28. Ke1 Bg4 29. Kf1 Kg6 30. Ke1 Kf5 31. Rf2+ Ke5 32. Rh2 Kf5 33. Rf2+ Ke5 34. Rh2 Kf5 1/2-1/2

[Event "WYCC U16 Girls 2019"]
[Site "Mumbai"]
[Date "2019.10.10"]
[Round "9.12"]
[White "Anushka Gupta"]
[Black "Lakshmi C"]
[Result "0-1"]
[ECO "B20"]
[WhiteElo "1541"]
[BlackElo "1859"]
[Annotator "NA"]
[PlyCount "90"]
[EventDate "2019.10.02"]
[EventType "swiss"]
[EventCountry "IND"]
[SourceTitle "playchess.com"]
[Source "ChessBase"]
[SourceQuality "1"]
[TimeControl "5400+30"]

1. e4 c5 2. Ne2 g6 3. Nbc3 Bg7 4. g3 Nc6 5. Bg2 e5 6. Nd5 Nge7 7. Nec3 O-O 8. d3 Rb8 9. Bg5 f6 10. Be3 d6 11. a4 a6 12. O-O b5 13. axb5 axb5 14. Qd2 Rf7 15. f4 b4 16. Ne2 f5 17. fxe5 Bxe5 18. d4 cxd4 19. Nxd4 Nxd4 20. Nxe7+ Qxe7 21. Bxd4 Be6 22. exf5 gxf5 23. Rfe1 Qc7 24. Kh1 Bc8 25. Ra7 Bb7 26. Rxb7 Rxb7 27. Bd5 Rb5 28. Bxf7+ Kxf7 29. Bxe5 Qc6+ 30. Kg1 dxe5 31. Rd1 Kg6 32. h4 h6 33. Qd6+ Qxd6 34. Rd3 Qd5 35. Rxd5 Kh5 36. Rd6 Kg4 37. Rg6+ Kf3 38. Rxh6 e4 39. Re6 e3 40. h5 e2 41. h6 Rb6 42. Re5 Rxh6 43. Rxf5+ Ke4 44. Kf2 Rh2+ 45. Ke1 Kxf5 0-1

[Event "WYCC U16 Girls 2019"]
[Site "Mumbai"]
[Date "2019.10.11"]
[Round "10.1"]
[White "Zhang, Xiao"]
[Black "Garifullina, Leya"]
[Result "1/2-1/2"]
[ECO "D26"]
[WhiteElo "2053"]
[BlackElo "2330"]
[Annotator "ChessBase"]
[PlyCount "69"]
[EventDate "2019.10.02"]
[EventType "swiss"]
[EventCountry "IND"]
[SourceTitle "playchess.com"]
[Source "ChessBase"]
[SourceQuality "1"]
[TimeControl "5400+30"]

1. d4 d5 2. c4 e6 3. Nf3 dxc4 4. e3 Nf6 5. Bxc4 c5 6. O-O cxd4 7. exd4 Be7 8. Nc3 O-O 9. Bf4 Nc6 10. Rc1 b6 11. Re1 Na5 12. Bb5 Bb7 13. Ne5 Rc8 14. Bg3 a6 15. Be2 b5 16. a3 Qb6 17. b4 Nc6 18. Bf3 Rfd8 19. Nxc6 Bxc6 20. Be5 Bxf3 21. Qxf3 Nd7 22. Red1 Nxe5 23. dxe5 Rxd1+ 24. Qxd1 Bf8 25. Ne4 Rxc1 26. Qxc1 a5 27. Nc5 axb4 28. axb4 Qc6 29. Qc3 Qd5 30. g3 Qd1+ 31. Kg2 Qd5+ 32. Kg1 Qd1+ 33. Kg2 Qd5+ 34. Kg1 Qd1+ 35. Kg2 1/2-1/2

[Event "WYCC U16 Girls 2019"]
[Site "Mumbai"]
[Date "2019.10.11"]
[Round "10.2"]
[White "Nurgali, Nazerke"]
[Black "Hajiyeva, Laman"]
[Result "1-0"]
[ECO "A40"]
[WhiteElo "2194"]
[BlackElo "2038"]
[Annotator "NA"]
[PlyCount "137"]
[EventDate "2019.10.02"]
[EventType "swiss"]
[EventCountry "IND"]
[SourceTitle "playchess.com"]
[Source "ChessBase"]
[SourceQuality "1"]
[TimeControl "5400+30"]

1. d4 g6 2. c4 Bg7 3. Nf3 d6 4. Nc3 Nd7 5. e4 e5 6. Be2 Ne7 7. Be3 O-O 8. O-O h6 9. Qc1 Kh7 10. dxe5 dxe5 11. Rd1 f5 12. Bc5 Qe8 13. Ba3 fxe4 14. Nxe4 Rf4 15. Nc3 c6 16. g3 Rf7 17. Ne4 Nf5 18. Qc2 Nf6 19. Rd2 b6 20. Rad1 Ba6 21. b3 c5 22. Nxf6+ Bxf6 23. Bd3 Bg7 24. Be4 Bb7 25. Bxb7 Rxb7 26. Qe4 Re7 27. Rd5 Nd4 28. Nh4 Bf6 29. Ng2 Rc8 30. h4 h5 31. Bc1 Qf7 32. Rd3 Rf8 33. f3 Qe6 34. Kh2 Ref7 35. Ne1 Rd7 36. Bb2 Rxd5 37. cxd5 Qd6 38. Ng2 Qd7 39. g4 hxg4 40. fxg4 Bg7 41. h5 Qd6 42. Rh3 Rf2 43. hxg6+ Kg8 44. Bxd4 cxd4 45. Kg3 Rf6 46. Nh4 Rf4 47. Nf5 Qb4 48. Qh1 Qc3+ 49. Kh4 Bf6+ 50. Kh5 Rxf5+ 51. gxf5 Qd2 52. Qg1 Kg7 53. Qg3 Qc1 54. Kg4 Qg5+ 55. Kf3 Qxf5+ 56. Kg2 Qxg6 57. Kf3 Qxg3+ 58. Rxg3+ Kf7 59. Ke4 Ke7 60. Rh3 a6 61. Rh7+ Kd6 62. Rf7 Bg5 63. Rb7 Bd8 64. Rh7 Bg5 65. Rg7 Bf4 66. Rb7 Kc5 67. Rc7+ Kb5 68. d6 d3 69. d7 1-0

[Event "WYCC U16 Girls 2019"]
[Site "Mumbai"]
[Date "2019.10.11"]
[Round "10.3"]
[White "Salonika, Saina"]
[Black "Bulatova, Kamaliya"]
[Result "1/2-1/2"]
[ECO "B90"]
[WhiteElo "2051"]
[BlackElo "2181"]
[Annotator "NA"]
[PlyCount "93"]
[EventDate "2019.10.02"]
[EventType "swiss"]
[EventCountry "IND"]
[SourceTitle "playchess.com"]
[Source "ChessBase"]
[SourceQuality "1"]
[TimeControl "5400+30"]

1. e4 c5 2. Nf3 d6 3. d4 cxd4 4. Nxd4 Nf6 5. Nc3 a6 6. Be3 e5 7. Nf3 Be7 8. Bc4 Be6 9. Bb3 Nbd7 10. O-O Rc8 11. Qe2 b5 12. Bxe6 fxe6 13. Ng5 Nf8 14. a4 b4 15. Na2 h6 16. Nf3 a5 17. c3 bxc3 18. Nxc3 N8d7 19. h3 O-O 20. Rfd1 Qe8 21. Nd2 d5 22. exd5 exd5 23. Ba7 d4 24. Nb5 Nd5 25. Qe4 Qf7 26. Nf3 Bb4 27. Rf1 Rce8 28. Nh4 Nf4 29. Kh2 Nf6 30. Qf3 Qd7 31. Rac1 N6d5 32. Qe4 Nxh3 33. Ng6 Rxf2 34. Nxe5 Qe6 35. Bxd4 Ng5 36. Qh4 Re2 37. Qg3 Bd2 38. Rc6 Qe7 39. Rg6 Bf4 40. Rxf4 Nxf4 41. Qxf4 Re4 42. Qg3 Rxd4 43. Nxd4 Qxe5 44. Qxe5 Rxe5 45. Nf3 Nxf3+ 46. gxf3 Re2+ 47. Kg3 1/2-1/2